| TOP OF THE 1ST |
|
Springfield Cardinals batting - Pitching for Tennessee Smokies : LHP Ricardo Saucedo
|
|
Pitching: LHP Ricardo Saucedo
|
|
|
Batting: RHB Joe LaDue
|
0-0: Ball 1-0: Swinging Strike 1-1: Foul Ball, location: 2F 1-2: Ground out 4-3 (Groundball, 4, EV 84.4 MPH)
|
|
Batting: RHB Andres Mendiola
|
0-0: Ball 1-0: Ball 2-0: Called Strike 2-1: Ground out 4-3 (Groundball, 4, EV 81.2 MPH)
|
|
Batting: RHB Jeff Brower
|
0-0: Called Strike 0-1: Ground out 6-3 (Groundball, 6, EV 99.4 MPH)
|
| Top of the 1st over - 0 runs, 0 hits, 0 errors, 0 left on base; Springfield 0 - Tennessee 0 |
| BOTTOM OF THE 1ST |
|
Tennessee Smokies batting - Pitching for Springfield Cardinals : RHP Branden Maynard
|
|
Pitching: RHP Branden Maynard
|
|
|
Batting: RHB Eric Wiss
|
0-0: Ball 1-0: Swinging Strike 1-1: Ball 2-1: Foul Ball, location: 2F 2-2: Ball 3-2: Strikes out looking
|
|
Batting: RHB Khalil Stephens
|
0-0: DOUBLE (Line Drive, 9LS, EV 94.4 MPH)
|
|
Batting: RHB Brad Santanello
|
0-0: Ball 1-0: Called Strike 1-1: SINGLE (Line Drive, 34D, EV 105.0 MPH) Khalil Stephens to third Runner from 3rd tries for Home, SAFE, throw by RF to home
|
|
Batting: RHB David Barnard
|
0-0: Swinging Strike 0-1: Fielders Choice at 2nd, 3-6 (Groundball, 3D, EV 101.2 MPH)
|
|
Batting: RHB Sam Sours
|
0-0: Ball David Barnard steals 2nd, throwing error, E2 David Barnard to third 1-0: Called Strike 1-1: Foul Ball, location: 2F 1-2: Ball 2-2: Fly out, F8 (Flyball, 8RM, EV 75.6 MPH)
|
| Bottom of the 1st over - 1 run, 2 hits, 1 error, 1 left on base; Springfield 0 - Tennessee 1 |
| TOP OF THE 2ND |
|
Springfield Cardinals batting - Pitching for Tennessee Smokies : LHP Ricardo Saucedo
|
|
Batting: RHB Josh Lyon
|
0-0: Ball 1-0: Ball 2-0: Called Strike 2-1: Ball 3-1: Base on Balls
|
|
Batting: RHB Tyler Walker
|
0-0: Ball 1-0: Ball 2-0: Called Strike 2-1: Ball 3-1: Called Strike 3-2: Base on Balls Josh Lyon to second
|
|
Batting: RHB Tommy Boudreaux
|
0-0: DOUBLE (Line Drive, 8LXD, EV 108.8 MPH) Josh Lyon scores Tyler Walker to third
|
|
Batting: RHB Fortunato Fteira
|
0-0: Ground out U3 (Groundball, 34S, EV 83.1 MPH) Tyler Walker scores Tommy Boudreaux to third
|
|
Batting: RHB Jose Jimenez
|
0-0: Ball 1-0: Ground out 5-3 (Groundball, 5, EV 98.8 MPH)
|
|
Batting: LHB Travis Ruppel
|
0-0: Swinging Strike 0-1: Swinging Strike 0-2: Ball 1-2: Fly out, F7 (Flyball, 7S, EV 96.9 MPH)
|
| Top of the 2nd over - 2 runs, 1 hit, 0 errors, 1 left on base; Springfield 2 - Tennessee 1 |
| BOTTOM OF THE 2ND |
|
Tennessee Smokies batting - Pitching for Springfield Cardinals : RHP Branden Maynard
|
|
Batting: RHB Armando Vilano
|
0-0: Ball 1-0: Ball 2-0: Called Strike 2-1: Fly out, F7 (Line Drive, 7S, EV 85.0 MPH)
|
|
Batting: RHB Sung-hwan Jung
|
0-0: Called Strike 0-1: Ball 1-1: Foul Ball, location: 2F 1-2: SINGLE (Groundball, 4MD, EV 95.6 MPH)
|
|
Batting: RHB Jonathan Sotelo
|
0-0: Ball 1-0: Foul Ball, location: 2F 1-1: Ball 2-1: Fielders Choice at 2nd, 6-4 (Groundball, 6, EV 88.1 MPH)
|
|
Batting: RHB Alvaro Romero
|
0-0: Foul Ball, location: 2F 0-1: Ball 1-1: Foul Ball, location: 2F 1-2: Ground out 5-3 (Groundball, 56S, EV 83.8 MPH)
|
| Bottom of the 2nd over - 0 runs, 1 hit, 0 errors, 1 left on base; Springfield 2 - Tennessee 1 |
| TOP OF THE 3RD |
|
Springfield Cardinals batting - Pitching for Tennessee Smokies : LHP Ricardo Saucedo
|
|
Batting: RHB Joe LaDue
|
0-0: Foul Ball, location: 2F 0-1: Ball 1-1: Ball 2-1: Ball 3-1: Base on Balls
|
|
Batting: RHB Andres Mendiola
|
0-0: Called Strike Joe LaDue is caught stealing 2nd base 2-4 0-1: Called Strike 0-2: Reached via error on a dropped throw from 1B, E1 (Groundball, 34, EV 103.1 MPH)
|
|
Batting: RHB Jeff Brower
|
0-0: Foul Ball, location: 2F 0-1: Foul Ball, location: 2F 0-2: SINGLE (Groundball, 56, EV 95.0 MPH) Andres Mendiola to second
|
|
Batting: RHB Josh Lyon
|
0-0: Ball 1-0: Ball 2-0: Ball 3-0: Base on Balls Andres Mendiola to third Jeff Brower to second
|
|
Batting: RHB Tyler Walker
|
0-0: Called Strike 0-1: Ball 1-1: Ball 2-1: Grounds into double play, 6-4-3 (Groundball, 6, EV 105.6 MPH)
|
| Top of the 3rd over - 0 runs, 1 hit, 1 error, 2 left on base; Springfield 2 - Tennessee 1 |
| BOTTOM OF THE 3RD |
|
Tennessee Smokies batting - Pitching for Springfield Cardinals : RHP Branden Maynard
|
|
Batting: RHB Eric Wiss
|
0-0: Ground out 1-3 (Groundball, 15S, EV 69.4 MPH)
|
|
Batting: RHB Khalil Stephens
|
0-0: Ball 1-0: Swinging Strike 1-1: Ball 2-1: Swinging Strike 2-2: SINGLE (Flyball, 8RS, EV 100.6 MPH)
|
|
Batting: RHB Brad Santanello
|
0-0: Fly out, F8 (Line Drive, 8LD, EV 94.4 MPH)
|
|
Batting: RHB David Barnard
|
0-0: Ball 1-0: Swinging Strike 1-1: Called Strike 1-2: Foul Ball, location: 2F 1-2: Foul Ball, location: 2F 1-2: Strikes out swinging
|
| Bottom of the 3rd over - 0 runs, 1 hit, 0 errors, 1 left on base; Springfield 2 - Tennessee 1 |
| TOP OF THE 4TH |
|
Springfield Cardinals batting - Pitching for Tennessee Smokies : LHP Ricardo Saucedo
|
|
Batting: RHB Tommy Boudreaux
|
0-0: Swinging Strike 0-1: Reached on error, E8 (Flyball, 8LD, EV 100.0 MPH)
|
|
Batting: RHB Fortunato Fteira
|
0-0: Called Strike 0-1: Ball 1-1: Fly out, F3 (Popup, 3S, EV 78.1 MPH)
|
|
Batting: RHB Jose Jimenez
|
0-0: Foul Ball, location: 2F 0-1: Ball 1-1: Ball 2-1: Foul Ball, location: 2F 2-2: Foul Ball, location: 2F 2-2: Ball 3-2: Foul Ball, location: 2F 3-2: Base on Balls
|
|
Batting: LHB Travis Ruppel
|
0-0: Called Strike 0-1: Fly out, F8 (Line Drive, 8RM, EV 91.9 MPH)
|
|
Batting: RHB Joe LaDue
|
0-0: Ball 1-0: Ball 2-0: Ball 3-0: Called Strike 3-1: Base on Balls Tommy Boudreaux to third Jose Jimenez to second
|
|
Batting: RHB Andres Mendiola
|
0-0: Foul Ball, location: 2F 0-1: Ball 1-1: Swinging Strike 1-2: Strikes out swinging
|
| Top of the 4th over - 0 runs, 0 hits, 1 error, 3 left on base; Springfield 2 - Tennessee 1 |
| BOTTOM OF THE 4TH |
|
Tennessee Smokies batting - Pitching for Springfield Cardinals : RHP Branden Maynard
|
|
Batting: RHB Sam Sours
|
0-0: Hit by Pitch
|
|
Batting: RHB Armando Vilano
|
0-0: Called Strike Sam Sours steals 2nd, throwing error, E2 Sam Sours to third 0-1: Ball 1-1: Ball 2-1: Ball 3-1: Called Strike 3-2: Foul Ball, location: 2F 3-2: Foul Ball, location: 2F 3-2: SINGLE (Groundball, 6MD, EV 103.8 MPH) Sam Sours scores
|
|
Batting: RHB Sung-hwan Jung
|
0-0: Ball 1-0: Fly out, F9 (Flyball, 9LM, EV 93.1 MPH)
|
|
Batting: RHB Jonathan Sotelo
|
0-0: Ground out 3-1 (Groundball, 34S, EV 85.0 MPH) Armando Vilano to second
|
|
Batting: RHB Alvaro Romero
|
0-0: Called Strike 0-1: Called Strike 0-2: Foul Ball, location: 2F 0-2: Strikes out looking
|
| Bottom of the 4th over - 1 run, 1 hit, 1 error, 1 left on base; Springfield 2 - Tennessee 2 |
| TOP OF THE 5TH |
|
Springfield Cardinals batting - Pitching for Tennessee Smokies : LHP Ricardo Saucedo
|
|
Batting: RHB Jeff Brower
|
0-0: Called Strike 0-1: Foul Ball, location: 2F 0-2: SINGLE (Groundball, 56D, EV 98.1 MPH)
|
|
Batting: RHB Josh Lyon
|
0-0: Foul Ball, location: 2F 0-1: SINGLE (Line Drive, 78S, EV 105.6 MPH) Jeff Brower to second
|
|
Batting: RHB Tyler Walker
|
0-0: Called Strike 0-1: Ball 1-1: Ball 2-1: SINGLE (Groundball, 34D, EV 96.2 MPH) Jeff Brower to third Josh Lyon to second
|
|
Batting: RHB Tommy Boudreaux
|
0-0: Called Strike 0-1: Swinging Strike 0-2: Ball 1-2: Strikes out swinging
|
|
Pitching: RHP Gavrel Godziashvili
|
|
|
Pinch Hitting: SHB Josh Schultze
|
0-0: Ball 1-0: Ball 2-0: Ball Passed Ball! Jeff Brower scores Josh Lyon to third Tyler Walker to second 3-0: Called Strike 3-1: DOUBLE (Flyball, 8RXD, EV 100.6 MPH) Josh Lyon scores Tyler Walker scores
|
|
Batting: RHB Jose Jimenez
|
0-0: Ball 1-0: Swinging Strike 1-1: TRIPLE (Flyball, 89XD, EV 90.6 MPH) Josh Schultze scores
|
|
Batting: LHB Travis Ruppel
|
0-0: Swinging Strike 0-1: Fly out, F8 (Flyball, 78D, EV 103.1 MPH) Runner from 3rd tags up, SCORES, no throw by CF
|
|
Pitching: LHP Nate George
|
|
|
Batting: RHB Joe LaDue
|
0-0: Ball 1-0: Called Strike 1-1: Foul Ball, location: 2F 1-2: Ball 2-2: Strikes out swinging
|
| Top of the 5th over - 5 runs, 5 hits, 0 errors, 0 left on base; Springfield 7 - Tennessee 2 |
| BOTTOM OF THE 5TH |
|
Tennessee Smokies batting - Pitching for Springfield Cardinals : RHP Branden Maynard
|
|
Now in LF: Austin Akers
|
|
|
Now in CF: Tommy Boudreaux
|
|
|
Batting: RHB Eric Wiss
|
0-0: Ball 1-0: Foul Ball, location: 2F 1-1: Called Strike 1-2: Ground out 4-3 (Groundball, 6M, EV 80.6 MPH)
|
|
Batting: RHB Khalil Stephens
|
0-0: Swinging Strike 0-1: Ball 1-1: Ball 2-1: Ball 3-1: Called Strike 3-2: Foul Ball, location: 2F 3-2: Foul Ball, location: 2F 3-2: SOLO HOME RUN (Flyball, 7D, EV 94.4 MPH), Distance : 373 ft
|
|
Batting: RHB Brad Santanello
|
0-0: Ball 1-0: SINGLE (Line Drive, 8LS, EV 102.5 MPH)
|
|
Batting: RHB David Barnard
|
0-0: Ball 1-0: Called Strike 1-1: Called Strike 1-2: Strikes out swinging
|
|
Batting: RHB Sam Sours
|
0-0: Called Strike 0-1: Ball 1-1: Called Strike 1-2: Fielders Choice at 2nd, 5-4 (Groundball, 5, EV 95.6 MPH)
|
| Bottom of the 5th over - 1 run, 2 hits, 0 errors, 1 left on base; Springfield 7 - Tennessee 3 |
| TOP OF THE 6TH |
|
Springfield Cardinals batting - Pitching for Tennessee Smokies : LHP Nate George
|
|
Batting: RHB Andres Mendiola
|
0-0: Ball 1-0: Ball 2-0: Called Strike 2-1: Foul Ball, location: 2F 2-2: Strikes out swinging
|
|
Batting: RHB Jeff Brower
|
0-0: Called Strike 0-1: Ball 1-1: Hit by Pitch
|
|
Batting: RHB Josh Lyon
|
0-0: Called Strike 0-1: Foul Ball, location: 2F 0-2: Ball 1-2: Foul Ball, location: 2F 1-2: Ball 2-2: Ball 3-2: SINGLE (Groundball, 34D, EV 108.1 MPH) Jeff Brower to second Jeff Brower to third
|
|
Batting: RHB Tyler Walker
|
0-0: Foul Ball, location: 2F 0-1: Ball 1-1: Ball 2-1: Swinging Strike 2-2: Fielders Choice at 2nd, 3-6 (Groundball, 34, EV 103.1 MPH) Jeff Brower scores
|
|
Batting: RHB Tommy Boudreaux
|
0-0: Ball Pickoff Throw to First - Error! E1 Tyler Walker to second 1-0: Called Strike 1-1: Foul Ball, location: 2F 1-2: Foul Ball, location: 2F 1-2: Ball 2-2: Ball 3-2: Foul Ball, location: 2F 3-2: Ground out 4-3 (Groundball, 4, EV 98.8 MPH)
|
| Top of the 6th over - 1 run, 1 hit, 1 error, 1 left on base; Springfield 8 - Tennessee 3 |
| BOTTOM OF THE 6TH |
|
Tennessee Smokies batting - Pitching for Springfield Cardinals : RHP Branden Maynard
|
|
Batting: RHB Armando Vilano
|
0-0: Foul Ball, location: 2F 0-1: Foul Ball, location: 2F 0-2: Ball 1-2: Ball 2-2: SINGLE (Line Drive, 7S, EV 103.8 MPH)
|
|
Batting: RHB Sung-hwan Jung
|
0-0: Ground out 6-3 (Groundball, 6, EV 88.8 MPH) Armando Vilano to second
|
|
Batting: RHB Jonathan Sotelo
|
0-0: Called Strike 0-1: Ball 1-1: Ball 2-1: Ball 3-1: Swinging Strike 3-2: Foul Ball, location: 2F 3-2: Foul Ball, location: 2F 3-2: Base on Balls
|
|
Batting: RHB Alvaro Romero
|
0-0: Called Strike 0-1: Foul Ball, location: 2F 0-2: Ball 1-2: Foul Ball, location: 2F 1-2: Foul Ball, location: 2F 1-2: Ball 2-2: Ball 3-2: Base on Balls Armando Vilano to third Jonathan Sotelo to second
|
|
Pitching: RHP Jim Bruley
|
|
|
Batting: RHB Eric Wiss
|
0-0: Swinging Strike 0-1: Swinging Strike Passed Ball! Armando Vilano scores Jonathan Sotelo to third Alvaro Romero to second 0-2: Ball 1-2: Ground out 3-1 (Groundball, 34, EV 101.9 MPH) Jonathan Sotelo scores Alvaro Romero to third
|
|
Batting: RHB Khalil Stephens
|
0-0: Ball 1-0: Ball 2-0: Fly out, F8 (Flyball, 8LXD, EV 83.8 MPH)
|
| Bottom of the 6th over - 2 runs, 1 hit, 0 errors, 1 left on base; Springfield 8 - Tennessee 5 |
| TOP OF THE 7TH |
|
Springfield Cardinals batting - Pitching for Tennessee Smokies : LHP Nate George
|
|
Pitching: RHP Ryan Masterson
|
|
|
Batting: RHB Austin Akers
|
0-0: Fly out, F9 (Flyball, 9S, EV 90.6 MPH)
|
|
Batting: RHB Jose Jimenez
|
0-0: Ball 1-0: SOLO HOME RUN (Flyball, 89XD, EV 99.4 MPH), Distance : 405 ft
|
|
Batting: LHB Travis Ruppel
|
0-0: Foul Ball, location: 2F 0-1: Ball 1-1: Foul Ball, location: 2F 1-2: Foul Ball, location: 2F 1-2: Ball 2-2: Ground out 5-3 (Groundball, 5, EV 85.0 MPH)
|
|
Batting: RHB Joe LaDue
|
0-0: Ball 1-0: Ground out 5-3 (Groundball, 56, EV 105.6 MPH)
|
| Top of the 7th over - 1 run, 1 hit, 0 errors, 0 left on base; Springfield 9 - Tennessee 5 |
| BOTTOM OF THE 7TH |
|
Tennessee Smokies batting - Pitching for Springfield Cardinals : RHP Jim Bruley
|
|
Batting: RHB Brad Santanello
|
0-0: Ball 1-0: Foul Ball, location: 2F 1-1: Called Strike 1-2: Ground out 4-3 (Groundball, 6MS, EV 61.9 MPH)
|
|
Batting: RHB David Barnard
|
0-0: Called Strike 0-1: Foul Ball, location: 2F 0-2: Ball 1-2: Strikes out looking
|
|
Batting: RHB Sam Sours
|
0-0: Called Strike 0-1: Ball 1-1: Foul Ball, location: 2F 1-2: SINGLE (Groundball, 56D, EV 108.8 MPH)
|
|
Batting: RHB Armando Vilano
|
0-0: Foul Ball, location: 2F 0-1: Ball 1-1: Swinging Strike 1-2: Ball 2-2: Fly out, F3 (Popup, 3SF, EV 78.8 MPH)
|
| Bottom of the 7th over - 0 runs, 1 hit, 0 errors, 1 left on base; Springfield 9 - Tennessee 5 |
| TOP OF THE 8TH |
|
Springfield Cardinals batting - Pitching for Tennessee Smokies : RHP Ryan Masterson
|
|
Batting: RHB Andres Mendiola
|
0-0: Swinging Strike 0-1: Ball 1-1: Foul Ball, location: 2F 1-2: Strikes out swinging
|
|
Batting: RHB Jeff Brower
|
0-0: Called Strike 0-1: Foul Ball, location: 2F 0-2: Ball 1-2: Ground out 5-3 (Groundball, 56S, EV 70.6 MPH)
|
|
Batting: RHB Josh Lyon
|
0-0: Ball 1-0: Called Strike 1-1: Foul Ball, location: 2F 1-2: Foul Ball, location: 2F 1-2: Strikes out swinging
|
| Top of the 8th over - 0 runs, 0 hits, 0 errors, 0 left on base; Springfield 9 - Tennessee 5 |
| BOTTOM OF THE 8TH |
|
Tennessee Smokies batting - Pitching for Springfield Cardinals : RHP Jim Bruley
|
|
Batting: RHB Sung-hwan Jung
|
0-0: Foul Ball, location: 2F 0-1: Ball 1-1: Foul Ball, location: 2F 1-2: Ground out 3-1 (Groundball, 13, EV 86.9 MPH)
|
|
Pinch Hitting: LHB Angel Oropeza
|
0-0: Called Strike 0-1: Foul Ball, location: 2F 0-2: Ball 1-2: DOUBLE (Line Drive, 9LS, EV 103.8 MPH)
|
|
Batting: RHB Alvaro Romero
|
0-0: Foul Ball, location: 2F 0-1: Foul Ball, location: 2F 0-2: Strikes out swinging
|
|
Batting: RHB Eric Wiss
|
0-0: Foul Ball, location: 2F 0-1: Ball 1-1: Swinging Strike 1-2: Ball 2-2: SINGLE (Groundball, 4, EV 108.1 MPH) (infield hit) Angel Oropeza to third
|
|
Pitching: LHP Nick Suggett
|
|
|
Batting: RHB Khalil Stephens
|
0-0: Foul Ball, location: 2F 0-1: Ball 1-1: Ball 2-1: Ball 3-1: Base on Balls Eric Wiss to second
|
|
Batting: RHB Brad Santanello
|
0-0: Swinging Strike 0-1: Foul Ball, location: 2F 0-2: Strikes out swinging
|
| Bottom of the 8th over - 0 runs, 2 hits, 0 errors, 3 left on base; Springfield 9 - Tennessee 5 |
| TOP OF THE 9TH |
|
Springfield Cardinals batting - Pitching for Tennessee Smokies : RHP Ryan Masterson
|
|
Pitching: RHP Carlos Dominguez
|
|
|
Now in LF: Angel Oropeza
|
|
|
Batting: RHB Tyler Walker
|
0-0: Ball 1-0: Swinging Strike 1-1: Swinging Strike 1-2: Ball 2-2: Fly out, F9 (Flyball, 89S, EV 86.2 MPH)
|
|
Batting: RHB Tommy Boudreaux
|
0-0: Ball 1-0: Swinging Strike 1-1: Fly out, F7 (Flyball, 78S, EV 72.5 MPH)
|
|
Batting: RHB Austin Akers
|
0-0: SINGLE (Groundball, P, EV 86.2 MPH) (infield hit)
|
|
Batting: RHB Jose Jimenez
|
0-0: Called Strike 0-1: Called Strike Austin Akers steals 2nd base 0-2: Ball 1-2: Foul Ball, location: 2F 1-2: Strikes out swinging
|
| Top of the 9th over - 0 runs, 1 hit, 0 errors, 1 left on base; Springfield 9 - Tennessee 5 |
| BOTTOM OF THE 9TH |
|
Tennessee Smokies batting - Pitching for Springfield Cardinals : LHP Nick Suggett
|
|
Batting: RHB David Barnard
|
0-0: Ball 1-0: Ball 2-0: Foul Ball, location: 2F 2-1: Ball 3-1: Base on Balls
|
|
Batting: RHB Sam Sours
|
0-0: Ball 1-0: Grounds into double play, 4-6-3 (Groundball, 4, EV 85.6 MPH)
|
|
Batting: RHB Armando Vilano
|
0-0: Ball 1-0: Ball 2-0: Ground out 6-3 (Groundball, 6, EV 85.0 MPH)
|
| Bottom of the 9th over - 0 runs, 0 hits, 0 errors, 0 left on base; Springfield 9 - Tennessee 5 |
|